 Dungeon Crawl Stone Soup version 0.26.0-15-gc6cd9f700b (webtiles) character file.

Game seed: 14503361789312487617

967 jackrogers the Cleaver (level 8, -13/46 HPs)
             Began as a Gargoyle Berserker on Jan 17, 2021.
             Was a Priest of Trog.
             Mangled by an ogre
             ... wielding a +0 giant club
              (24 damage)
             ... on level 4 of the Dungeon.
             The game lasted 00:05:11 (4020 turns).

jackrogers the Cleaver (Gargoyle Berserker)         Turns: 4020, Time: 00:05:11

Health: -13/46     AC: 16    Str: 22    XL:     8   Next: 15%
Magic:  8/8        EV:  8    Int:  9    God:    Trog [***...]
Gold:   162        SH:  0    Dex:  9    Spells: 7/7 levels left

rFire    . . .     SeeInvis .   a - +1 hand axe
rCold    . . .     Faith    .   (no shield)
rNeg     + . .     Spirit   .   g - +0 chain mail
rPois    ∞         Reflect  .   (no helmet)
rElec    +         Harm     .   j - +1 cloak
rCorr    .         Rampage  .   (no gloves)
Will     .....                  (no boots)
Stlth    ..........             (no amulet)
HPRegen  0.15/turn              (no ring)
MPRegen  0.11/turn              (no ring)

@: no status effects
A: negative energy resistance 1, electricity resistance, unbreathing,
petrification resistance, miasma immunity, AC +5
a: Renounce Religion, Berserk, Trog's Hand


You were on level 4 of the Dungeon.
You worshipped Trog.
Trog was most pleased with you.
You visited 1 branch of the dungeon, and saw 4 of its levels.

You collected 162 gold pieces.

Inventory:

Hand Weapons
 a - a +1 hand axe (weapon)
 p - a +2 dagger of distortion {!w}
   (You took it off a kobold on level 3 of the Dungeon)
Missiles
 f - 5 curare-tipped darts
Armour
 b - a +0 animal skin
 g - a +0 chain mail (worn)
   (You found it on level 1 of the Dungeon)
 j - a +1 cloak (worn)
   (You found it on level 1 of the Dungeon)
 n - a +0 cloak
   (You took it off Crazy Yiuf on level 2 of the Dungeon)
Wands
 i - a wand of paralysis (11)
   (You found it on level 2 of the Dungeon)
Scrolls
 c - 4 scrolls of remove curse
 o - 2 scrolls of amnesia
 q - a scroll of enchant weapon
 r - 2 scrolls of magic mapping {!r}
 s - 2 scrolls of teleportation
 t - a scroll of identify
 v - a scroll of blinking {unknown}
 w - a scroll of fog {unknown}
Potions
 d - 3 potions of heal wounds
 e - 3 potions of curing
 h - a potion of ambrosia
 k - a potion of brilliance {unknown}
 l - a potion of berserk rage {unknown}
 m - a potion of degeneration {unknown}
 u - a potion of attraction {unknown}
 x - a potion of haste {unknown}


   Skills:
 - Level 3.2 Fighting
 + Level 8.9 Axes
 - Level 2.1 Armour
 - Level 1.5 Dodging


You had 7 spell levels left.
You didn't know any spells.
Your spell library was empty.

Dungeon Overview and Level Annotations

Branches:
Dungeon (4/15)
 Temple: D:4-7

Altars:
Ashenzari
Dithmenos
Gozag
Nemelex Xobeh
Ru
Yredelemnul
The Shining One

Shops:
D:4 *


Innate Abilities, Weirdness & Mutations

You are resistant to torment.
Your stone body is resilient. (AC +5)
You are immune to poison.
You resist negative energy. (rN+)
You are resistant to electric shocks. (rElec)
You can survive without breathing.
You are immune to petrification.
You are immune to miasma.


Message History

The orc priest looks encouraged for a moment.
The orc priest barely misses you.
Warning x2: The orc priest can smite you! x2
You closely miss the orc priest. You hit the orc priest.
You kill the orc priest!
Trog accepts your kill.
You barely miss the orc. The orc barely misses you.
The orc priest looks braver for a moment.
Spoiler Alert: The orc priest can smite you!
You closely miss the orc. You hit the orc.
The orc priest calls upon Beogh to heal the orc.
The orc's wounds heal themselves!
The orc barely misses you.
You barely miss the orc. The orc closely misses you.
You closely miss the orc priest. You closely miss the orc.
The orc priest hits you but does no damage.
The orc hits you but does no damage.
Spoiler Alert: The orc priest can smite you!
You hit the orc priest but do no damage.
You hit the orc.
The orc priest hits you with a +0 hand axe.
You completely miss the orc. You hit the orc priest.
The orc hits you but does no damage. The orc priest completely misses you.
You hit the orc but do no damage. You barely miss the orc priest.
The orc hits you but does no damage.
Spoiler Alert: The orc priest can smite you!
You hit the orc. You hit the orc priest.
The orc priest hits you with a +0 hand axe.
You hit the orc.
You kill the orc!
Trog accepts your kill.
You hit the orc priest but do no damage.
The orc priest hits you but does no damage.
Spoiler Alert: The orc priest can smite you!
You closely miss the orc priest.
The orc priest calls down the wrath of Beogh upon you.
You struggle to resist.
You slash the orc priest!
You kill the orc priest!
Trog accepts your kill.
No target in view!
No target in view!
You start resting.
A giant cockroach comes into view.
A giant cockroach is nearby!
A giant cockroach is nearby!
A giant cockroach is nearby!
Items here: ! $ )) ? [[ ††.
You hit the giant cockroach. The giant cockroach barely misses you.
You hit the giant cockroach.
You kill the giant cockroach!
Trog accepts your kill.
No target in view!
No target in view!
An ogre comes into view. It is wielding a +0 giant club.
Spoiler Alert: The ogre (wandering) can hit for high damage in melee!
An ogre is nearby!
Spoiler Alert: The ogre (wandering) can hit for high damage in melee!
An ogre is nearby!
Spoiler Alert: The ogre (wandering) can hit for high damage in melee!
An ogre is nearby!
Spoiler Alert: The ogre (wandering) can hit for high damage in melee!
You see here a giant cockroach corpse.
Spoiler Alert: The ogre can hit for high damage in melee!
An orc priest comes into view. It is wielding a +0 hand axe.
Warning x2: The ogre can hit for high damage in melee!
The orc priest can smite you!
The orc priest looks braver for a moment.
Warning x2: The ogre can hit for high damage in melee!
The orc priest can smite you!
You hit the ogre. The ogre hits you with a +0 giant club.
Warning x2: The ogre can hit for high damage in melee!
The orc priest can smite you!
You barely miss the ogre. The ogre barely misses you.
Warning x2: The ogre can hit for high damage in melee!
The orc priest can smite you!
You barely miss the ogre.
Warning x2: The ogre can hit for high damage in melee!
The orc priest can smite you!
You closely miss the ogre. You slash the orc priest!
The orc priest looks satisfied for a moment.
The ogre barely misses you.
Warning x2: The ogre can hit for high damage in melee!
The orc priest can smite you!
You hit the orc priest but do no damage.
You hit the ogre.
The orc priest hits you but does no damage.
The ogre hits you with a +0 giant club!
Warning x2: The ogre can hit for high damage in melee!
The orc priest can smite you!
You slash the orc priest!
You kill the orc priest!
Trog accepts your kill.
You hit the ogre but do no damage. You hit the ogre.
The ogre hits you with a +0 giant club.
You barely miss the ogre.
Spoiler Alert: The ogre can hit for high damage in melee!
You closely miss the ogre.
The ogre hits you with a +0 giant club!!
* * * LOW HITPOINT WARNING * * *
You are too injured to fight recklessly!
You are too injured to fight recklessly!
You closely miss the ogre.
The ogre hits you with a +0 giant club!!
Ouch! That really hurt!
You die...

#.##... .......
.....## #
##.......
#.#........
#.#........
#..O)...... #@#
# #.####...
.#.#####†....(.#
##
..........####..
#. ........#.#
.# #.
##..##))#.#
##.## #. ...
#...#.# #...# #.
# #.#.#.# #...#
####.
###.#.#.#.#
#...# #....


You could see an ogre.

Vanquished Creatures
  Sigmund (D:2)
  The ghost of Gadfly the Bolt Thrower, an amateur GnWn of Elyvilon (D:3)
  An ogre (D:4)
  2 big kobolds (D:3)
  4 orc priests
  Crazy Yiuf (D:2)
  An iguana (D:4)
  3 orc wizards
  8 adders
  An ooze (D:1)
  3 worms
  3 dart slugs
  3 leopard geckos
  10 orcs
  2 giant cockroaches
  13 goblins
  12 hobgoblins
  3 jackals (D:3)
  11 kobolds
  5 quokkas
  2 ball pythons (D:3)
  9 bats
  2 frilled lizards
  6 rats
107 creatures vanquished.

Vanquished Creatures (others)
  2 fungi (D:2)
2 creatures vanquished.

Grand Total: 109 creatures vanquished

Notes
Turn   | Place    | Note
-------+----------+-------------------------------------------
     0 | D:1      | jackrogers the Gargoyle Berserker began the quest for the
                  | Orb.
     0 | D:1      | Reached XP level 1. HP: 14/14 MP: 1/1
    97 | D:1      | Reached skill level 3 in Axes
    99 | D:1      | Reached XP level 2. HP: 19/19 MP: 2/2
   412 | D:1      | You fall into a shaft and drop 1 floor!
   421 | D:2      | Reached XP level 3. HP: 22/23 MP: 3/3
   471 | D:2      | Reached skill level 4 in Axes
   778 | D:1      | Reached ** piety under Trog
  1028 | D:2      | Reached XP level 4. HP: 22/28 MP: 4/4
  1276 | D:2      | Found a faded altar of an unknown god.
  1588 | D:2      | Found a broken altar of Ashenzari.
  1723 | D:2      | Noticed Sigmund
  1729 | D:2      | Reached skill level 5 in Axes
  1766 | D:2      | Killed Sigmund
  1767 | D:2      | Reached skill level 6 in Axes
  1767 | D:2      | Reached XP level 5. HP: 18/32 MP: 5/5
  1767 | D:2      | Reached XP level 6. HP: 20/37 MP: 6/6
  1991 | D:2      | Found a runed translucent door.
  1992 | D:2      | Noticed Crazy Yiuf
  2004 | D:2      | Killed Crazy Yiuf
  2780 | D:3      | Found a runed translucent gate.
  2780 | D:3      | Found a runed translucent gate.
  2780 | D:3      | Found a runed translucent gate.
  2780 | D:3      | Noticed Gadfly's ghost (amateur GnWn)
  2828 | D:3      | Found a basalt altar of Yredelemnul.
  2828 | D:3      | Found a sacrificial altar of Ru.
  2829 | D:3      | Found a shadowy altar of Dithmenos.
  3220 | D:3      | Reached skill level 7 in Axes
  3220 | D:3      | Reached XP level 7. HP: 41/41 MP: 7/7
  3226 | D:3      | Reached *** piety under Trog
  3232 | D:3      | Killed Gadfly's ghost
  3336 | D:4      | Found Gozag's Platinum Reserve.
  3337 | D:4      | Found an opulent altar of Gozag.
  3411 | D:4      | Reached skill level 8 in Axes
  3479 | D:4      | Found a sparkling altar of Nemelex Xobeh.
  3479 | D:4      | Found a glowing golden altar of the Shining One.
  3704 | D:4      | Reached XP level 8. HP: 23/46 MP: 8/8
  4019 | D:4      | HP: 11/46 [ogre/+0 giant club (20)]
  4020 | D:4      | Mangled by an ogre

Illustrated notes

Levels and vault maps discovered:
D:1:      shiori_arrival_oz, layout_loops_ring
D:2:      layout_rooms, chequers_ecumenical_altar_grove,
          evilmike_ruin_ashenzari, uniq_sigmund, uniq_crazy_yiuf_cottage
D:3:      layout_loops_ring, nicolae_overflow_hidden_temple,
          gammafunk_ghost_nasty_kobolds, grunt_ministairs_10
D:4:      layout_loops_cross, nicolae_gozag_zags_fifth_avenue,
          gammafunk_temple_overflow_wave

Skill      XL: |  1  2  3  4  5  6  7 |
---------------+----------------------+-----
Axes           | 3 4 6 7 8 |  8.9
Fighting       | |  3.2
Armour         | |  2.1
Dodging        | |  1.5

Action                   |  1- 3 |  4- 6 |  7- 9 || total
-------------------------+-------+-------+-------++-------
Melee: Hand axe          |   130 |   222 |    96 ||   448
Invok: Berserk           |       |     3 |     1 ||     4
  Use: Scroll            |     4 |     2 |     3 ||     9
       Potion            |       |     2 |       ||     2
Armor: Animal skin       |    19 |       |       ||    19
       Chain mail        |    52 |   118 |    37 ||   207
Dodge: Dodged            |    81 |    73 |    30 ||   184

Table legend: (Time is in decaauts)
 A = Elapsed time spent in this place.
 B = Non-inter-level travel time spent in this place.
 C = Inter-level travel time spent in this place.
 D = Time resting spent in this place.
 E = Time spent auto-exploring this place.
 F = Levels seen in this place.
 G = Mean time per level.
                   A        B        C        D        E       F      G
               +--------+--------+--------+--------+--------+-----+--------+
         Total |   4047 |   3924 |    123 |    368 |   2763 |   4 | 1011.8 |
       Dungeon |   4047 |   3924 |    123 |    368 |   2763 |   4 | 1011.8 |
               +--------+--------+--------+--------+--------+-----+--------+

Top non-repeatable levels by time:
     D:2: 1230 daAuts
     D:3: 1168 daAuts
     D:1: 935 daAuts
     D:4: 713 daAuts

Table legend:
 A = Kills in this place as a percentage of kills in entire the game.
 B = Kills by you in this place as a percentage of kills by you in the entire game.
 C = Kills by friends in this place as a percentage of kills by friends in the entire game.
 D = Other kills in this place as a percentage of other kills in the entire game.
 E = Experience gained in this place as a percentage of experience gained in the entire game.
 F = Experience gained in this place divided by the number of levels of this place that you have seen.
                   A       B       C       D       E      F
               +-------+-------+-------+-------+-------+----------------------
         Total | 100.0 | 100.0 |   N/A |   N/A | 100.0 | 345.5
       Dungeon | 100.0 | 100.0 |   N/A |   N/A | 100.0 | 345.5
               +-------+-------+-------+-------+-------+----------------------
